 Dungeon Crawl Stone Soup version 0.13-a0-1553-g7307ddf (webtiles) character file.

312 Kae the Chiller (level 5, -14/38 HPs)
             Began as a Draconian Ice Elementalist on June 10, 2013.
             Killed by divine providence
             ... invoked by an orc priest
              (16 damage)
             ... on Level 3 of the Dungeon.
             The game lasted 00:05:09 (1918 turns).

Kae the Chiller (Draconian Ice Elementalist)        Turns: 1918, Time: 00:05:09

HP -14/38        AC  5     Str 10      XL: 5   Next: 26%
MP   1/10        EV 12     Int 16      God:
Gold 142         SH  0     Dex 12      Spells:  2 memorised,  6 levels left

Res.Fire  : . . .   See Invis. : .   l - -3,+0 dagger (curse)
Res.Cold  : + . .   Warding    : .   (armour unavailable)
Life Prot.: . . .   Conserve   : .   (no shield)
Res.Poison: .       Res.Corr.  : .   (helmet restricted)
Res.Elec. : .       Clarity    : .   (no cloak)
Sust.Abil.: . .     Spirit.Shd : .   (no gloves)
Res.Mut.  : .       Rnd.Telep. : +   (no boots)
Res.Rott. : .       Flight     : .   (no amulet)
Saprovore : . . .                    r - cursed ring of protection from cold
                                     a - cursed ring of teleportation

@: hasted, very quick, slightly resistant to hostile enchantments, unstealthy
A: unfitting armour, AC +5
a: Evoke Teleportation


You were on level 3 of the Dungeon.
You were near starving.

You visited 1 branch of the dungeon, and saw 3 of its levels.

You collected 122 gold pieces.

Inventory:

Hand weapons
 i - a +0,+3 mace of crushing
 l - a cursed -3,+0 dagger (weapon)
Magical devices
 n - a wand of frost (12)
Comestibles
 c - 2 bread rations
 f - a lychee
 o - 3 meat rations
 p - 13 sultanas
Scrolls
 g - 3 scrolls of identify
 h - a scroll of fog
 j - a scroll of teleportation
Jewellery
 a - a cursed ring of teleportation (left hand)
 r - a cursed ring of protection from cold (right hand)
Potions
 d - a potion of curing {unknown}
 e - a potion of speed
 k - a potion of confusion {unknown}
 m - a potion of blood {unknown}
 q - a potion of heal wounds {unknown}
Books
 b - a book of Frost

   Spells                             Type                      Level
   *Freeze                            Ice                          1
   *Throw Frost                       Conjuration/Ice              2
   Ozocubu's Armour                   Charms/Ice                   3
   Throw Icicle                       Conjuration/Ice              4
   Summon Ice Beast                   Ice/Summoning                4
   Condensation Shield                Ice                          4


   Skills:
 - Level 1.7 Dodging
 - Level 1.7 Stealth
 + Level 2.5 Spellcasting
 * Level 2.8 Conjurations
 * Level 4.4 Ice Magic


You had 6 spell levels left.
You knew the following spells:

 Your Spells              Type           Power        Failure   Level  Hunger
a - Freeze                Ice            ###.         3%          1    #......
b - Throw Frost           Conj/Ice       ##....       10%         2    ##.....


Dungeon Overview and Level Annotations

Branches:
Dungeon (3/27)

Altars:


Message History

The hobgoblin barely misses you.
Casting: Freeze
Confirm with . or Enter, or press ? or * to list all spells.
Aiming: Freeze
Press: ? - help, Shift-Dir - straight line, f - hobgoblin
Aim: a hobgoblin You freeze the hobgoblin.
You kill the hobgoblin!
The hobgoblin misses you.
You barely miss the hobgoblin. The hobgoblin hits you with a club.
* * * LOW HITPOINT WARNING * * *
The orc barely misses you.
You see here a hobgoblin corpse.
The orc hits you.
* * * LOW HITPOINT WARNING * * *
The giant newt bites you.
* * * LOW HITPOINT WARNING * * *
The orc priest calls down the wrath of Beogh upon you.
Something smites you!
You die...

#§# ##. #.#.# #§#
#.. #...# #§# #.. .
##### #.......# #..
... ######.####..
#####.l.l
.......$###........
#?.....o[...........
######..###l######.
###..###@## ##
.......o.o# #.
.##.#####%# #. # #.
#g# #. #. #l# #. #.
#>. #. #.## #. ..#
#. .## #.


You could see an orc priest, an orc, a hobgoblin and 2 giant newts.

Vanquished Creatures
  Jessica (D:3)
  Terence (D:3)
  6 adders
  2 worms (D:2)
  6 orcs (D:3)
  5 bats
  5 giant cockroaches
  7 hobgoblins
  12 kobolds
  A giant newt (D:3)
  5 goblins
  8 jackals (D:2)
  A quokka (D:3)
  9 rats
69 creatures vanquished.

Notes
Turn   | Place    | Note
--------------------------------------------------------------
     0 | D:1      | Kae, the Draconian Ice Elementalist, began the quest for the Orb.
     0 | D:1      | Reached XP level 1. HP: 14/14 MP: 3/3
   206 | D:1      | Reached XP level 2. HP: 20/20 MP: 2/4
   220 | D:1      | Learned a level 2 spell: Throw Frost
   677 | D:2      | Reached XP level 3. HP: 24/26 MP: 1/6
   997 | D:2      | Reached skill level 4 in Ice Magic
   997 | D:2      | Reached XP level 4. HP: 27/33 MP: 4/7
  1541 | D:3      | Noticed Terence
  1579 | D:3      | Killed Terence
  1747 | D:3      | Noticed Jessica
  1754 | D:3      | Killed Jessica
  1754 | D:3      | Reached XP level 5. HP: 34/38 MP: 7/10
  1918 | D:3      | Killed from afar by an orc priest

Action                   |  1- 3 |  4- 6 || total
-------------------------+-------+-------++-------
Melee: Unarmed           |    22 |       ||    22
       Dagger            |    12 |    39 ||    51
 Cast: Freeze            |    52 |    60 ||   112
       Throw Frost       |       |     1 ||     1
  Use: Scroll            |       |     5 ||     5
       Potion            |       |     1 ||     1
